 Dungeon Crawl Stone Soup version 0.32-a0-886-g41c5271027 (webtiles) character file.

Game seed: 15817459160436176844

151 Fodor the Covered (level 5, -8/47 HPs)
             Began as a Minotaur Fighter on Apr 2, 2024.
             Killed by divine providence
             ... invoked by an orc priest
              (15 damage)
             ... on level 3 of the Dungeon.
             The game lasted 00:05:29 (1958 turns).

Fodor the Covered (Minotaur Fighter)                Turns: 1958, Time: 00:05:29

Health: -8/47      AC: 12    Str: 20    XL:     5   Next: 11%
Magic:  4/4        EV:  4    Int:  5    God:
Gold:   66         SH:  0    Dex: 10    Spells: 4/4 levels left

rFire   . . .        a - +0 war axe
rCold   . . .        c - +0 buckler
rNeg    . . .        b - +0 plate armour
rPois   .            (helmet restricted)
rElec   .            (no cloak)
rCorr   .            (no gloves)
SInv    .            (no boots)
Will    .....        (no amulet) Stlth
                     (no ring)
HPRegen 0.27/turn    (no ring)
MPRegen 0.09/turn

%: no passive effects
@: confused
A: horns 2, retaliatory headbutt, weak 1, MP-powered wands
a: Convert to Beogh


You were on level 3 of the Dungeon.
You visited 1 branch of the dungeon, and saw 3 of its levels.

You collected 66 gold pieces.

Inventory:

Hand Weapons
 a - a +0 war axe (weapon)
Armour
 b - a +0 plate armour (worn)
 c - a +0 buckler (worn)
Wands
 j - a wand of warping (7)
Scrolls
 e - a scroll of fog {unknown}
 g - a scroll of silence {unknown}
 i - 2 scrolls of enchant armour {unknown}
Potions
 d - 2 potions of might
 f - 2 potions of enlightenment {unknown}
 h - a potion of magic {unknown}
 l - a potion of invisibility {unknown}


   Skills:
 + Level 4.5 Fighting
 + Level 4.3 Axes
 + Level 4.7 Armour
 + Level 4.3 Shields


You had 4 spell levels left.
You didn't know any spells.
Your spell library was empty.

Dungeon Overview and Level Annotations

Branches:
Dungeon (3/15)

Altars:
Kikubaaqudgha
Nemelex Xobeh
Qazlal
Ru
Zin

Shops:
D:2 :   D:3 [


Innate Abilities, Weirdness & Mutations

You have a pair of horns on your head.
You reflexively headbutt those who attack you in melee.
You are weak. (Str -2)
You expend magic power (3 MP) to strengthen your wands.


Message History

The ribbon worm completely misses you.
You closely miss the ribbon worm. You headbutt the ribbon worm.
The ribbon worm is lightly wounded.
You hit the orc priest.
The orc priest threatens, "Beogh's wrath is as vast as their mercy.
Make your choice!"
The orc priest hits you but does no damage.
The ribbon worm bites you.
The orc priest hits you with a +0 dagger.
You closely miss the orc priest.
The orc priest is moderately wounded.
You hit the ribbon worm but do no damage.
You miss something.
The orc priest calls down the wrath of Beogh upon you.
Pain shoots through your body!
* * * LOW HITPOINT WARNING * * *
Something hits you but does no damage.
The ribbon worm expels a string of sticky webbing.
The stream of webbing hits you but does no damage.
You are caught in a web!
The web tears apart.
The orc priest shouts, "Surrender to Beogh and we'll let you live!"
The orc priest hits you but does no damage.
You hear some strange, mumbled words.
You are more confused.
The ribbon worm bites you but does no damage.
You hit the orc priest.
The orc priest shouts, "Surrender to Beogh and we'll let you live!"
Your headbutt misses the orc priest.
The orc priest is heavily wounded.
You closely miss the ribbon worm. You hit something.
The orc priest hits you with a +0 dagger.
* * * LOW HITPOINT WARNING * * *
Something hits you but does no damage.
The ribbon worm bites you but does no damage.
It was a potion of mutation.
You feel extremely strange.
You feel your magical essence link to the dungeon's wands.
You feel weaker.
The orc priest invokes the aid of Beogh against you.
Beogh smites you!
You die...

......... ### ....... #
#...... # #..... #. #
#....## . # #.....##.#### #
#..)........# #### # #..wo#
...##....# # #...@#
###.....##..##
###..###........##..#
##.#.....†#.##.###.#
#.......##..........
########..#..####..........
.........#..## #..........
########...## #..........
##### #..........
#.........†


You could see a ribbon worm and an orc priest.

Vanquished Creatures
  Jessica (D:2)
  3 gnolls (D:2)
  3 adders
  3 ribbon worms
  3 orcs (D:3)
  9 ball pythons
  6 endoplasms
  4 giant cockroaches
  3 goblins
  2 hobgoblins (D:1)
  A quokka (D:1)
  8 bats
  2 frilled lizards
  8 kobolds
  6 rats
62 creatures vanquished.

Notes
Turn   | Place    | Note
-------+----------+-------------------------------------------
     0 | D:1      | Fodor the Minotaur Fighter began the quest for the Orb.
     0 | D:1      | Reached XP level 1. HP: 19/19 MP: 0/0
     2 | D:1      | Noticed a barachi
     2 | D:1      | Noticed a naga
     4 | D:1      | Noticed a gargoyle
     4 | D:1      | Noticed a felid
     6 | D:1      | Noticed a formicid
     8 | D:1      | Noticed a ghoul
    10 | D:1      | Noticed a demigod
    12 | D:1      | Noticed a human
    12 | D:1      | Noticed an oni
    14 | D:1      | Noticed a draconian
    14 | D:1      | Noticed an octopode
    16 | D:1      | Noticed a dwarf
    18 | D:1      | Noticed a vampire
    18 | D:1      | Noticed a spriggan
    20 | D:1      | Noticed an armataur
    20 | D:1      | Noticed a demonspawn
    22 | D:1      | Noticed a vine stalker
    22 | D:1      | Noticed a djinni
    24 | D:1      | Noticed a troll
    24 | D:1      | Noticed an elf
    26 | D:1      | Noticed a minotaur
    26 | D:1      | Noticed a tengu
    28 | D:1      | Noticed a merfolk
   177 | D:1      | Reached XP level 2. HP: 27/27 MP: 1/1
   826 | D:2      | Noticed Jessica
   831 | D:2      | Reached XP level 3. HP: 28/33 MP: 2/2
   831 | D:2      | Killed Jessica
  1130 | D:2      | Reached XP level 4. HP: 35/40 MP: 3/3
  1167 | D:2      | Found Velivopn's Book Emporium.
  1327 | D:2      | Found a sparkling altar of Nemelex Xobeh.
  1696 | D:3      | Found Ysmiv's Antique Armour Emporium.
  1700 | D:3      | Found a faded altar of an unknown god.
  1880 | D:3      | Found a sacrificial altar of Ru.
  1880 | D:3      | Found a sparkling altar of Nemelex Xobeh.
  1882 | D:3      | Found an ancient bone altar of Kikubaaqudgha.
  1886 | D:3      | Reached XP level 5. HP: 47/47 MP: 4/4
  1887 | D:3      | Found a glowing silver altar of Zin.
  1888 | D:3      | Found a stormy altar of Qazlal.
  1958 | D:3      | Gained mutation: You expend magic power (3 MP) to
                  | strengthen your wands. [potion of mutation]
  1958 | D:3      | Gained mutation: You are weak. (Str -2) [potion of
                  | mutation]
  1958 | D:3      | Killed from afar by an orc priest

Illustrated notes

Levels and vault maps discovered:
D:1:      kb_arrival_jail, layout_basic, kennysheep_doodads, minmay_3d_cube
D:2:      layout_basic, basic_altar, serial_shops, nicolae_shop_waterfront,
          uniq_crazy_yiuf_cottage, uniq_jessica
D:3:      layout_rooms, worldfamousw_hep_ancestral_shrine,
          grunt_temple_overflow_open, chequers_ecumenical_altar_simple_redux,
          serial_shops, nicolae_shop_stone, serial_park_tiny_2,
          nicolae_the_louvre

Skill      XL: |  1  2  3  4 |
---------------+-------------+-----
Armour         | 4 |  4.7
Fighting       | 4 |  4.5
Shields        | 4 |  4.3
Axes           | 3 4 |  4.3

Action                     |  1- 3 |  4- 6 || total
---------------------------+-------+-------++-------
  Melee: War axe           |    60 |    42 ||   102
         Headbutt          |     3 |     6 ||     9
    Use: Potion            |       |     1 ||     1
 Armour: Scale mail        |    21 |       ||    21
         Chain mail        |    47 |    20 ||    67
         Plate armour      |       |    33 ||    33
  Dodge: Dodged            |    44 |    19 ||    63
  Block: Buckler           |    20 |     9 ||    29

Table legend: (Time is in decaauts)
 A = Elapsed time spent in this place.
 B = Non-inter-level travel time spent in this place.
 C = Inter-level travel time spent in this place.
 D = Time resting spent in this place.
 E = Time spent auto-exploring this place.
 F = Levels seen in this place.
 G = Mean time per level.
                   A        B        C        D        E       F      G
               +--------+--------+--------+--------+--------+-----+--------+
         Total |   1994 |   1982 |     12 |    198 |   1290 |   3 |  664.7 |
       Dungeon |   1994 |   1982 |     12 |    198 |   1290 |   3 |  664.7 |
               +--------+--------+--------+--------+--------+-----+--------+

Top non-repeatable levels by time:
     D:2: 937 daAuts
     D:1: 785 daAuts
     D:3: 271 daAuts
